 Dungeon Crawl Stone Soup version 0.17.0-73-gb648821 (webtiles) character file.

3016 prinygod the Chiller (level 9, -3/53 HPs)
             Began as an Octopode Ice Elementalist on Dec 10, 2015.
             Was a Priest of Sif Muna.
             Slain by a troll (6 damage)
             ... on level 7 of the Dungeon.
             The game lasted 00:39:35 (8248 turns).

prinygod the Chiller (Octopode Ice Elementalist)    Turns: 8248, Time: 00:39:36

Health: -3/53      AC:  1    Str:  8    XL:     9   Next: 85%
Magic:  22/34      EV:  8    Int: 20    God:    Sif Muna [***...]
Gold:   309        SH:  0    Dex: 15    Spells: 4 memorised, 10 levels left

rFire  . . .     SeeInvis .     F - staff of power
rCold  . . .     Clarity  .     (no shield)
rNeg   + . .     SustAt   .     (helmet restricted)
rPois  .         Gourm    .     E - amulet of warding
rElec  .         Spirit   .     r - +3 ring of dexterity
rCorr  .         Warding  +     t - ring of flight
rMut   .         Stasis   .     (no ring)
MR     .....                    (no ring)
Stlth  +++++.....               (no ring)
                                (no ring)
                                (no ring)
                                (no ring)

@: starving, not resistant to hostile enchantments, quite stealthy
A: almost no armour, amphibious, 8 rings, constrict 8, camouflage 1, gelatinous
body 1
a: Channel Energy, Forget Spell, Renounce Religion, Evoke Flight


You were on level 7 of the Dungeon.
You worshipped Sif Muna.
Sif Muna was most pleased with you.
You were starving.

You visited 2 branches of the dungeon, and saw 8 of its levels.

You collected 309 gold pieces.

Inventory:

Hand Weapons
 d - a +0 hand axe
 v - a +1 dagger of venom
 y - a +0 whip of venom
 L - a +1 rapier of holy wrath
Missiles
 J - 7 javelins (quivered)
Magical Staves
 F - an uncursed staff of power (weapon)
Jewellery
 q - an uncursed amulet of resist mutation
 r - a +3 ring of dexterity (left tentacle)
 t - a ring of flight (right tentacle)
 E - an amulet of warding (around mantle)
Scrolls
 c - 2 scrolls of enchant armour
 n - 2 scrolls of noise
 p - 10 scrolls of identify {unknown}
 u - 4 scrolls of remove curse
 w - a scroll of fog {unknown}
 x - 3 scrolls of random uselessness
 z - a scroll of blinking {unknown}
 C - a scroll of recharging
 G - a scroll of fear {unknown}
Potions
 e - 2 potions of heal wounds {unknown}
 f - 3 potions of degeneration {unknown}
 g - a potion of brilliance {unknown}
 h - 3 potions of curing {unknown}
 i - 2 potions of lignification {unknown}
 j - a potion of resistance {unknown}
 l - a potion of haste {unknown}
 m - a potion of ambrosia {unknown}
 o - 3 potions of might {unknown}
 D - a potion of mutation {unknown}
 H - a potion of cancellation {unknown}
 I - 2 potions of agility {unknown}
Books
 a - a book of Frost

   Spells                             Type                      Level
   a - Freeze                         Ice                          1
   b - Throw Frost                    Conjuration/Ice              2
   c - Ozocubu's Armour               Charms/Ice                   3
   d - Throw Icicle                   Conjuration/Ice              4
   e - Summon Ice Beast               Ice/Summoning                4
   f - Condensation Shield            Ice                          4
 A - a book of Necromancy

   Spells                             Type                      Level
   a - Pain                           Necromancy                   1
   b - Animate Skeleton               Necromancy                   1
   c - Vampiric Draining              Necromancy                   3
   d - Regeneration                   Charms/Necromancy            3
   e - Animate Dead                   Necromancy                   4
   f - Control Undead                 Necromancy                   4
 B - a book of Power

   Spells                             Type                      Level
   a - Fulminant Prism                Conjuration/Hexes            4
   b - Iskenderun's Mystic Blast      Conjuration                  4
   c - Venom Bolt                     Conjuration/Poison           5
   d - Bolt of Magma                  Conjuration/Fire/Earth       5
   e - Iron Shot                      Conjuration/Earth            6
   f - Orb of Destruction             Conjuration                  7
   g - Spellforged Servitor           Conjuration/Summoning        7
Comestibles
 b - 5 bread rations
 k - 5 meat rations
 s - a fruit
 K - a beef jerky


   Skills:
 + Level 1.1 Fighting
 - Level 2.6 Short Blades
 + Level 2.4 Dodging
 - Level 6.1 Stealth
 * Level 7.1 Spellcasting
 + Level 4.8 Conjurations
 + Level 4.3 Charms
 * Level 7.7 Ice Magic


You had 10 spell levels left.
You knew the following spells:

 Your Spells              Type           Power        Failure   Level  Hunger
a - Freeze                Ice            ####         1%          1    None
b - Ozocubu's Armour      Chrm/Ice       ####....     2%          3    #......
c - Throw Icicle          Conj/Ice       ####....     10%         4    ###....
d - Condensation Shield   Ice            #####.....   4%          4    ###....


Dungeon Overview and Level Annotations

Branches:
Dungeon (7/15)             Temple (1/1) D:6

Altars:
Ashenzari
Cheibriados
Dithmenos
Elyvilon
Fedhas
Kikubaaqudgha
Makhleb
Nemelex Xobeh
Okawaru
Qazlal
Ru
Sif Muna
Trog
Vehumet
Xom
Yredelemnul
Zin
The Shining One

Shops:
D:5 [


Innate Abilities, Weirdness & Mutations

You cannot wear most types of armour.
You are amphibious.
You can wear up to eight rings at the same time.
You can use your tentacles to constrict eight enemies at once.
Your skin changes colour to match your surroundings (Stealth).
Your rubbery body absorbs attacks (AC +1).


Message History

The troll claws you!
Your magical contamination has completely faded away.
Read which item? (? for menu, Esc to quit)
As you read the scroll labeled NIMIYCRI YSUXE, it crumbles to dust.
It is a scroll of recharging.
You aren't carrying any rechargeable items.
The troll closely misses you. The troll claws you.
The troll claws you but does no damage. The wight closely misses you.
Read which item? (? for menu, Esc to quit)
Okay, then.
The troll misses you. The troll claws you! The troll claws you!
The orc throws a stone.
The stone hits you but does no damage.
You see here a stone.
There is a stone staircase leading up here.
The troll bites you!
* * * LOW HITPOINT WARNING * * *
The troll claws you!
* * * LOW HITPOINT WARNING * * *
The troll claws you.
You die...

..............#####....>#......
............#######.D.__#......
............)<(..(#..__.#......
...........########...≈o#...##.
#.>.....######.#._moD#..<###
###.##.).##>...#########....
#.##...##.....#.....#.....
#..........###............
###.......T@###.......###..#
#....###..### ...........#.#
###.#..#.....####......###....
#......#.#.#...##.....# ##.##
#...#..o.z.....##.#..# ###.##
#####.#..............# #...##
#.#o............## #...##
#...........###...###>..##
##..####......# #...#....#


You could see a shadow dragon (wandering), a troll and an orc.

Vanquished Creatures
  The ghost of prinygod the Chiller, a novice OpIE of Vehumet (D:4)
  Menkaure (D:7)
  Edmund (D:5)
  An orc warrior (D:5)
  A centaur (D:6)
  6 ogres
  2 phantoms
  4 giant frogs
  A big kobold (D:7)
  5 killer bees (D:7)
  2 scorpions (D:7)
  A water moccasin zombie (D:5)
  A wight (D:7)
  A giant frog zombie (D:7)
  A jelly (D:7)
  2 giant frog skeletons
  3 crimson imps
  4 orc wizards
  2 orc priests
  3 hounds
  7 worker ants
  A hound zombie (D:7)
  A worker ant zombie (D:5)
  14 adders
  3 gnolls (D:7)
  A shadow imp (D:7)
  4 oozes
  2 adder skeletons
  5 worms
  4 giant geckos
  17 orcs
  11 bats
  8 giant cockroaches
  11 hobgoblins
  3 jackals
  A quokka (D:3)
  5 ball pythons
  A giant gecko skeleton (D:4)
  5 giant newts
  9 goblins
  11 kobolds
  5 rats
172 creatures vanquished.

Notes
Turn   | Place    | Note
--------------------------------------------------------------
     0 | D:1      | prinygod the Octopode Ice Elementalist began the quest for the Orb.
     0 | D:1      | Reached XP level 1. HP: 11/11 MP: 3/3
   182 | D:1      | Reached XP level 2. HP: 13/17 MP: 5/5
   541 | D:1      | Reached XP level 3. HP: 19/21 MP: 2/6
  1254 | D:2      | Reached skill level 4 in Ice Magic
  1254 | D:2      | Reached XP level 4. HP: 21/27 MP: 5/8
  1259 | D:2      | Learned a level 3 spell: Ozocubu's Armour
  1286 | D:2      | Learned a level 4 spell: Throw Icicle
  1999 | D:2      | Reached XP level 5. HP: 22/31 MP: 4/10
  2496 | D:3      | Found an iron altar of Okawaru.
  2504 | D:3      | Found a deep blue altar of Sif Muna.
  2513 | D:3      | Found a glowing silver altar of Zin.
  2525 | D:3      | Became a worshipper of Sif Muna the Loreminder
  3105 | D:3      | Noticed a phantom
  3136 | D:3      | Killed a phantom
  3136 | D:3      | Reached skill level 1 in Charms
  3136 | D:3      | Reached XP level 6. HP: 18/36 MP: 11/11
  3704 | D:4      | Reached skill level 5 in Ice Magic
  3925 | D:4      | Found a glowing golden altar of the Shining One.
  4002 | D:4      | Reached XP level 7. HP: 41/41 MP: 11/13
  4073 | D:4      | Noticed prinygod's ghost (novice OpIE)
  4146 | D:4      | Killed prinygod's ghost
  4146 | D:4      | Reached * piety under Sif Muna
  4146 | D:4      | Reached skill level 1 in Short Blades
  4380 | D:4      | Reached skill level 5 in Spellcasting
  4459 | D:5      | Entered Level 5 of the Dungeon
  4548 | D:5      | Reached XP level 8. HP: 42/46 MP: 12/15
  4643 | D:5      | Noticed Edmund
  4719 | D:5      | Learned a level 4 spell: Condensation Shield
  4772 | D:5      | Reached skill level 6 in Ice Magic
  4782 | D:5      | Reached ** piety under Sif Muna
  5096 | D:5      | Found Reoppus's Armour Shop.
  5121 | D:5      | Found a sacrificial altar of Ru.
  5136 | D:5      | Killed Edmund
  5849 | D:6      | Found a stormy altar of Qazlal.
  6237 | D:6      | Reached skill level 5 in Stealth
  6237 | D:6      | Reached XP level 9. HP: 51/51 MP: 4/18
  6475 | D:6      | Found a staircase to the Ecumenical Temple.
  6489 | Temple   | Entered the Ecumenical Temple
  6861 | D:7      | Noticed Menkaure
  6871 | D:7      | Killed Menkaure
  7035 | D:7      | Reached *** piety under Sif Muna
  7035 | D:7      | Reached skill level 7 in Ice Magic
  7094 | D:7      | Found a shimmering altar of Xom.
  7095 | D:7      | Found a shimmering altar of Xom.
  7095 | D:7      | Found a shimmering altar of Xom.
  7095 | D:7      | Found a shimmering altar of Xom.
  7096 | D:7      | Found a shimmering altar of Xom.
  7248 | D:7      | Noticed an elephant
  7268 | D:7      | Noticed a manticore
  7271 | D:7      | Noticed a swamp dragon
  7271 | D:7      | a manticore changed into a swamp dragon
  7500 | D:7      | Found a shattered altar of Ashenzari.
  7810 | D:7      | Noticed an eight-headed hydra
  7826 | D:7      | Noticed a fire dragon
  7826 | D:7      | an eight-headed hydra changed into a fire dragon
  7827 | D:7      | Reached skill level 1 in Fighting
  7902 | D:7      | Noticed a minotaur
  7902 | D:7      | a fire dragon changed into a minotaur
  7925 | D:7      | Noticed a catoblepas
  7925 | D:7      | a minotaur changed into a catoblepas
  7931 | D:7      | Noticed an azure jelly
  7931 | D:7      | a catoblepas changed into an azure jelly
  8143 | D:7      | Noticed a shadow dragon
  8148 | D:7      | Noticed a water nymph
  8248 | D:7      | Slain by a troll

Action                   |  1- 3 |  4- 6 |  7- 9 || total
-------------------------+-------+-------+-------++-------
Melee: Unarmed           |     8 |       |       ||     8
       Hand axe          |    31 |    57 |       ||    88
       Dagger            |       |    25 |    99 ||   124
       Staff             |       |       |    42 ||    42
 Cast: Freeze            |    30 |    70 |   113 ||   213
       Ozocubu's Armour  |       |     2 |    22 ||    24
       Throw Icicle      |       |       |    21 ||    21
       Condensation Shie |       |       |    10 ||    10
  Use: Scroll            |       |       |     5 ||     5
 Stab: Sleeping          |     8 |    13 |     5 ||    26
       Distracted        |       |       |     2 ||     2
       Invisible         |       |       |     1 ||     1
       Paralysed         |       |       |     1 ||     1
  Eat: Chunk             |     1 |     8 |    16 ||    25
       Fruit             |       |       |     1 ||     1
